PUB
REDWOOD PIONEERS @ BRONX BOMBERS
05/23/1972
 
TOP OF THE 1ST
Redwood Pioneers batting - Pitching for Bronx Bombers : LHP Bobby Miller
Pitching: LHP Bobby Miller
Batting: RHB Alfredo Nannini 0-0: Ball
1-0: Called Strike
1-1: Swinging Strike
1-2: Strikes out swinging
Batting: RHB Yaichiro Ito 0-0: Swinging Strike
0-1: Called Strike
0-2: Foul Ball, location: 23F
0-2: Foul Ball, location: 2F
0-2: Foul Ball, location: 2F
0-2: Ball
1-2: Strikes out looking
Batting: LHB Jerry Gregory 0-0: Ball
1-0: Swinging Strike
1-1: Swinging Strike
1-2: Foul Ball, location: 3F
1-2: Strikes out swinging
Top of the 1st over - 0 runs, 0 hits, 0 errors, 0 left on base; Redwood 0 - Bronx 0
BOTTOM OF THE 1ST
Bronx Bombers batting - Pitching for Redwood Pioneers : LHP Pedro Castillo
Pitching: LHP Pedro Castillo
Batting: RHB Juan Beniquez 0-0: Ground out 6-3 (Groundball, 6S, EV 86.9 MPH)
Batting: RHB Harrison Fluellen 0-0: Ball
1-0: Swinging Strike
1-1: Foul Ball, location: 9LSF
1-2: Foul Ball, location: 2F
1-2: Strikes out looking
Batting: RHB Domingo Mora 0-0: Ground out U3 (Groundball, 34, EV 81.3 MPH)
Bottom of the 1st over - 0 runs, 0 hits, 0 errors, 0 left on base; Redwood 0 - Bronx 0
TOP OF THE 2ND
Redwood Pioneers batting - Pitching for Bronx Bombers : LHP Bobby Miller
Batting: RHB José Moya 0-0: Ball
1-0: Swinging Strike
1-1: Foul Ball, location: 9LSF
1-2: Foul Ball, location: 2F
1-2: Ball
2-2: Strikes out swinging
Batting: RHB Joe Givens 0-0: Ball
1-0: Ball
2-0: Ball
3-0: Base on Balls
Batting: LHB Bobby Murcer 0-0: Foul Ball, location: 5FF
0-1: Fly out, F7 (Flyball, 7D, EV 105.6 MPH)
Batting: LHB Tomás Bernal 0-0: SINGLE (Groundball, 34D, EV 98.8 MPH) (infield hit)
Joe Givens to second
Batting: RHB Elliott Maddox 0-0: Foul Ball, location: 5SF
0-1: Ball
1-1: Ball
2-1: Called Strike
2-2: Ball
3-2: Strikes out swinging
Top of the 2nd over - 0 runs, 1 hit, 0 errors, 2 left on base; Redwood 0 - Bronx 0
BOTTOM OF THE 2ND
Bronx Bombers batting - Pitching for Redwood Pioneers : LHP Pedro Castillo
Batting: RHB Roger Allen 0-0: Swinging Strike
0-1: Called Strike
0-2: Foul Ball, location: 3SF
0-2: Ball
1-2: Foul Ball, location: 2F
1-2: Ball
2-2: Ground out 5-3 (Groundball, 56, EV 100.0 MPH)
Batting: RHB Jim Wynn 0-0: Called Strike
0-1: Ball
1-1: Swinging Strike
1-2: Ball
2-2: Ball
3-2: Strikes out looking
Batting: LHB Chris Gunter 0-0: Ball
1-0: Ball
2-0: Called Strike
2-1: Called Strike
2-2: SINGLE (Flyball, 34D, EV 91.9 MPH)
Batting: RHB Vince Hawkins 0-0: Ball
1-0: Called Strike
1-1: Foul Ball, location: 2F
1-2: Ball
2-2: Ground out 1-3 (Groundball, 13S, EV 75.0 MPH)
Bottom of the 2nd over - 0 runs, 1 hit, 0 errors, 1 left on base; Redwood 0 - Bronx 0
TOP OF THE 3RD
Redwood Pioneers batting - Pitching for Bronx Bombers : LHP Bobby Miller
Batting: LHB Pedro Castillo 0-0: Foul Ball, location: 7LSF
0-1: Ball
1-1: Ground out 6-3 (Groundball, 56, EV 102.5 MPH)
Batting: RHB Alfredo Nannini 0-0: Called Strike
0-1: Ball
1-1: Called Strike
1-2: Ground out 4-3 (Groundball, 4M, EV 86.3 MPH)
Batting: RHB Yaichiro Ito 0-0: Called Strike
0-1: Fly out, F8 (Flyball, 8RXD, EV 110.6 MPH)
Top of the 3rd over - 0 runs, 0 hits, 0 errors, 0 left on base; Redwood 0 - Bronx 0
BOTTOM OF THE 3RD
Bronx Bombers batting - Pitching for Redwood Pioneers : LHP Pedro Castillo
Batting: LHB Manuel López 0-0: Ball
1-0: Ground out 6-3 (Groundball, 6M, EV 86.9 MPH)
Batting: LHB Bobby Miller 0-0: Ball
1-0: Ground out U3 (Groundball, 34, EV 81.9 MPH)
Batting: RHB Juan Beniquez 0-0: Foul Ball, location: 2F
0-1: Ball
1-1: SINGLE (Groundball, 6M, EV 88.8 MPH) (infield hit)
Batting: RHB Harrison Fluellen 0-0: Ball
Balk!
Juan Beniquez to second
1-0: Called Strike
1-1: Foul Ball, location: 25F
1-2: Ball
2-2: Ball
3-2: Foul Ball, location: 9LMF
3-2: Strikes out looking
Bottom of the 3rd over - 0 runs, 1 hit, 0 errors, 1 left on base; Redwood 0 - Bronx 0
TOP OF THE 4TH
Redwood Pioneers batting - Pitching for Bronx Bombers : LHP Bobby Miller
Batting: LHB Jerry Gregory 0-0: Foul Ball, location: 25F
0-1: Ball
1-1: Ball
2-1: Swinging Strike
2-2: Foul Ball, location: 2LF
2-2: Strikes out swinging
Batting: RHB José Moya 0-0: Foul Ball, location: 3F
0-1: Foul Ball, location: 2F
0-2: Ball
1-2: Foul Ball, location: 2LF
1-2: Strikes out swinging
Batting: RHB Joe Givens 0-0: Called Strike
0-1: SOLO HOME RUN (Line Drive, 9LD, EV 93.8 MPH), Distance : 349 ft
Batting: LHB Bobby Murcer 0-0: Called Strike
0-1: Swinging Strike
0-2: Ball
1-2: Foul Ball, location: 7LDF
1-2: Ball
2-2: Foul Ball, location: 3FF
2-2: Foul Ball, location: 7LMF
2-2: Strikes out looking
Top of the 4th over - 1 run, 1 hit, 0 errors, 0 left on base; Redwood 1 - Bronx 0
BOTTOM OF THE 4TH
Bronx Bombers batting - Pitching for Redwood Pioneers : LHP Pedro Castillo
Batting: RHB Domingo Mora 0-0: Called Strike
0-1: Swinging Strike
0-2: Strikes out swinging
Batting: RHB Roger Allen 0-0: Ball
1-0: Called Strike
1-1: Foul Ball, location: 3F
1-2: Ball
2-2: Ground out 6-3 (Groundball, 6, EV 103.1 MPH)
Batting: RHB Jim Wynn 0-0: Ball
1-0: Called Strike
1-1: Foul Ball, location: 7LMF
1-2: Strikes out looking
Bottom of the 4th over - 0 runs, 0 hits, 0 errors, 0 left on base; Redwood 1 - Bronx 0
TOP OF THE 5TH
Redwood Pioneers batting - Pitching for Bronx Bombers : LHP Bobby Miller
Batting: LHB Tomás Bernal 0-0: Called Strike
0-1: Called Strike
0-2: Ball
1-2: Foul Ball, location: 2F
1-2: Fly out, F9 (Line Drive, 89M, EV 91.9 MPH)
Batting: RHB Elliott Maddox 0-0: Called Strike
0-1: Ball
1-1: Ground out 4-3 (Groundball, 4, EV 92.5 MPH)
Batting: LHB Pedro Castillo 0-0: Called Strike
0-1: Called Strike
0-2: Strikes out looking
Top of the 5th over - 0 runs, 0 hits, 0 errors, 0 left on base; Redwood 1 - Bronx 0
BOTTOM OF THE 5TH
Bronx Bombers batting - Pitching for Redwood Pioneers : LHP Pedro Castillo
Pitching: RHP Hiroya Kimura
Batting: LHB Chris Gunter 0-0: Called Strike
0-1: Ball
1-1: Foul Ball, location: 3F
1-2: Foul Ball, location: 25FF
1-2: SINGLE (Line Drive, 8LS, EV 95.0 MPH)
Batting: RHB Vince Hawkins 0-0: Ball
1-0: Called Strike
1-1: Bunt missed!
1-2: Strikes out swinging
Batting: LHB Manuel López 0-0: Swinging Strike
0-1: Swinging Strike
0-2: Strikes out looking
Batting: LHB Bobby Miller 0-0: Ball
1-0: Ball
2-0: Ball
3-0: Called Strike
3-1: Foul Ball, location: 2F
3-2: Strikes out swinging
Bottom of the 5th over - 0 runs, 1 hit, 0 errors, 1 left on base; Redwood 1 - Bronx 0
TOP OF THE 6TH
Redwood Pioneers batting - Pitching for Bronx Bombers : LHP Bobby Miller
Batting: RHB Alfredo Nannini 0-0: Called Strike
0-1: Called Strike
0-2: Foul Ball, location: 2F
0-2: Foul Ball, location: 25FF
0-2: Ground out 5-3 (Groundball, 5S, EV 83.8 MPH)
Batting: RHB Yaichiro Ito 0-0: Ball
1-0: Called Strike
1-1: Ball
2-1: Called Strike
2-2: Strikes out looking
Batting: LHB Jerry Gregory 0-0: Foul Ball, location: 3F
0-1: Ball
1-1: Swinging Strike
1-2: Foul Ball, location: 5SF
1-2: SINGLE (Line Drive, 4MD, EV 96.3 MPH)
Batting: RHB José Moya 0-0: Ball
1-0: 2-RUN HOME RUN (Flyball, 9D, EV 95.6 MPH), Distance : 347 ft
Batting: RHB Joe Givens 0-0: Ball
1-0: Foul Ball, location: 23F
1-1: Ball
2-1: Ball
3-1: Called Strike
3-2: Ground out 6-3 (Groundball, 6D, EV 97.5 MPH)
Top of the 6th over - 2 runs, 2 hits, 0 errors, 0 left on base; Redwood 3 - Bronx 0
BOTTOM OF THE 6TH
Bronx Bombers batting - Pitching for Redwood Pioneers : RHP Hiroya Kimura
Batting: RHB Juan Beniquez 0-0: Ground out 1-3 (Groundball, 34S, EV 63.1 MPH)
Pinch Hitting: LHB Brian Shelton 0-0: Called Strike
0-1: Ball
1-1: Ball
2-1: Ball
3-1: Base on Balls
Batting: RHB Domingo Mora 0-0: Called Strike
0-1: Ball
1-1: Ball
Brian Shelton steals 2nd base (no throw)
2-1: Ball
3-1: SINGLE (Line Drive, 56, EV 101.9 MPH)
Brian Shelton to third
Batting: RHB Roger Allen 0-0: Called Strike
0-1: Foul Ball, location: 23F
0-2: Strikes out looking
Batting: RHB Jim Wynn 0-0: Called Strike
0-1: Ball
1-1: Swinging Strike
1-2: Ball
2-2: Foul Ball, location: 2F
2-2: Ball
3-2: Base on Balls
Domingo Mora to second
Batting: LHB Chris Gunter 0-0: Ball
1-0: Foul Ball, location: 23FF
1-1: GRAND SLAM HOME RUN (Flyball, 89XD, EV 101.3 MPH), Distance : 404 ft
Pitching: LHP Jimmy McNeal
Now in LF: Howard York
Now in RF: Tomás Bernal
Batting: RHB Vince Hawkins 0-0: Called Strike
0-1: Ground out 6-3 (Groundball, 6M, EV 90.6 MPH)
Bottom of the 6th over - 4 runs, 2 hits, 0 errors, 0 left on base; Redwood 3 - Bronx 4
TOP OF THE 7TH
Redwood Pioneers batting - Pitching for Bronx Bombers : LHP Bobby Miller
Now at 2B: Jason Brown
Batting: LHB Bobby Murcer 0-0: Ball
1-0: Foul Ball, location: 2F
1-1: Hit by Pitch
Batting: LHB Tomás Bernal 0-0: Ball
1-0: Sac Bunt to 15 - play at second, runner OUT! 1-6
Batting: RHB Elliott Maddox 0-0: Ball
1-0: Called Strike
Tomás Bernal steals 2nd base
1-1: Ball
2-1: Ball
3-1: Swinging Strike
3-2: Strikes out swinging
Batting: LHB Howard York 0-0: Swinging Strike
0-1: Ball
1-1: Ball
2-1: Swinging Strike
2-2: SINGLE (Groundball, 4MD, EV 95.0 MPH)
Tomás Bernal to third
Runner from 3rd tries for Home, SAFE, throw by CF to home
Pitching: RHP Augusto Morales
Pinch Hitting: LHB Danny Meehan 0-0: Ground out 1-3 (Groundball, 34S, EV 65.0 MPH)
Top of the 7th over - 1 run, 1 hit, 0 errors, 1 left on base; Redwood 4 - Bronx 4
BOTTOM OF THE 7TH
Bronx Bombers batting - Pitching for Redwood Pioneers : LHP Jimmy McNeal
Now at 2B: Haywood Andrews
Pinch Hitting: RHB José Rodríguez 0-0: Ball
1-0: Foul Ball, location: 3F
1-1: Ground out 5-3 (Groundball, 5, EV 86.3 MPH)
Pinch Hitting: LHB Ted Tappe 0-0: Ball
1-0: Ball
2-0: Foul Ball, location: 23F
2-1: Fly out, F7 (Flyball, 78M, EV 99.4 MPH)
Batting: RHB Juan Beniquez 0-0: Called Strike
0-1: Ball
1-1: Swinging Strike
1-2: Ball
2-2: SINGLE (Groundball, 6S, EV 85.0 MPH) (infield hit)
Batting: RHB Jason Brown 0-0: Ball
1-0: Called Strike
1-1: Ground out 6-3 (Groundball, 6S, EV 81.9 MPH)
Bottom of the 7th over - 0 runs, 1 hit, 0 errors, 1 left on base; Redwood 4 - Bronx 4
TOP OF THE 8TH
Redwood Pioneers batting - Pitching for Bronx Bombers : RHP Augusto Morales
Pitching: RHP Raúl Díaz
Now at 3B: José Rodríguez
Batting: RHB Yaichiro Ito 0-0: Ball
1-0: Ball
2-0: Ball
3-0: Called Strike
3-1: Swinging Strike
3-2: Fly out, F7 (Flyball, 78D, EV 97.5 MPH)
Pinch Hitting: RHB Al Lung 0-0: Called Strike
0-1: Ball
1-1: Ball
2-1: Foul Ball, location: 2F
2-2: SINGLE (Groundball, 34D, EV 106.9 MPH)
Batting: RHB José Moya 0-0: Called Strike
0-1: Fielders Choice at 2nd, 3-6 (Groundball, 23, EV 90.0 MPH)
Batting: RHB Joe Givens 0-0: Called Strike
José Moya is caught stealing 2nd base 2-4
Top of the 8th over - 0 runs, 1 hit, 0 errors, 0 left on base; Redwood 4 - Bronx 4
BOTTOM OF THE 8TH
Bronx Bombers batting - Pitching for Redwood Pioneers : LHP Jimmy McNeal
Pitching: RHP Alberto Gonzáles
Batting: RHB Domingo Mora 0-0: Called Strike
0-1: Ball
1-1: Ground out 6-3 (Groundball, 56, EV 95.0 MPH)
Batting: RHB Roger Allen 0-0: Ball
1-0: Foul Ball, location: 9LSF
1-1: Ball
2-1: Swinging Strike
2-2: Foul Ball, location: 2F
2-2: Strikes out swinging
Batting: RHB Jim Wynn 0-0: Foul Ball, location: 2F
0-1: Ground out U3 (Groundball, 34S, EV 81.9 MPH)
Bottom of the 8th over - 0 runs, 0 hits, 0 errors, 0 left on base; Redwood 4 - Bronx 4
TOP OF THE 9TH
Redwood Pioneers batting - Pitching for Bronx Bombers : RHP Raúl Díaz
Batting: RHB Joe Givens 0-0: Ball
1-0: Ball
2-0: Ball
3-0: Base on Balls
Batting: LHB Bobby Murcer 0-0: Ball
1-0: Fielders Choice at 2nd, 5-4 (Groundball, 25, EV 83.1 MPH)
Batting: LHB Tomás Bernal 0-0: Called Strike
0-1: Called Strike
Bobby Murcer steals 2nd base
0-2: Ball
1-2: Ball
2-2: Ground out 4-3 (Groundball, 13, EV 85.6 MPH)
Bobby Murcer to third
Batting: RHB Elliott Maddox 0-0: SINGLE (Groundball, 4MD, EV 98.1 MPH)
Bobby Murcer scores
Batting: LHB Howard York 0-0: Ball
1-0: Foul Ball, location: 2F
1-1: Ball
2-1: Ball
3-1: Foul Ball, location: 2F
3-2: Base on Balls
Elliott Maddox to second
Batting: RHB Haywood Andrews 0-0: Ball
1-0: Called Strike
1-1: Ball
2-1: Ball
3-1: Foul Ball, location: 25F
3-2: SINGLE (Groundball, 6MD, EV 98.8 MPH)
Elliott Maddox to third
Howard York to second
Elliott Maddox scores
Howard York to third
Batting: RHB Yaichiro Ito 0-0: Ball
1-0: Ball
2-0: Ball
3-0: Called Strike
3-1: Foul Ball, location: 7LSF
3-2: Base on Balls
Haywood Andrews to second
Pinch Hitting: SHB Cliff King 0-0: Called Strike
0-1: Fly out, F5 (Popup, 5, EV 68.1 MPH)
Top of the 9th over - 2 runs, 2 hits, 0 errors, 3 left on base; Redwood 6 - Bronx 4
BOTTOM OF THE 9TH
Bronx Bombers batting - Pitching for Redwood Pioneers : RHP Alberto Gonzáles
Pitching: RHP Chandler Davis
Now at C: Cliff King
Batting: LHB Chris Gunter 0-0: Ball
1-0: Foul Ball, location: 25F
1-1: Foul Ball, location: 2F
1-2: Ground out 4-3 (Groundball, 4M, EV 101.9 MPH)
Pinch Hitting: RHB Jeffery Reynolds 0-0: Called Strike
0-1: Ball
1-1: Ball
2-1: Fly out, F8 (Flyball, 8LM, EV 83.8 MPH)
Batting: RHB José Rodríguez 0-0: Ball
1-0: Ground out 2-3 (Groundball, 2R, EV 72.5 MPH)
Bottom of the 9th over - 0 runs, 0 hits, 0 errors, 0 left on base; Redwood 6 - Bronx 4
Tuesday, March 19th , 2024 - OOTP Baseball 24.8 Build 75